 Dungeon Crawl Stone Soup version 0.30-a0-883-g5ad918d77d (webtiles) character file.

Game seed: 6829199313260846643

3631 cheesebisquit the Cleaver (level 9, -41/81 HPs)
             Began as a Minotaur Fighter on Mar 17, 2023.
             Was a Believer of Qazlal.
             Annihilated by a very large slime creature (52 damage)
             ... on level 7 of the Dungeon.
             The game lasted 00:30:47 (8324 turns).

cheesebisquit the Cleaver (Minotaur Fighter)        Turns: 8324, Time: 00:30:47

Health: -41/81     AC: 18    Str: 30    XL:     9   Next: 87%
Magic:  8/8        EV:  9    Int:  5    God:    Qazlal [**....]
Gold:   292        SH:  8    Dex: 11    Spells: 8/8 levels left

rFire   . . .      SeeInvis .    a - +0 war axe
rCold   . . .      Faith    .    c - +0 buckler
rNeg    . . .      Spirit   .    t - +0 plate armour
rPois   .          Reflect  .    r - +1 hat
rElec   .          Rampage  .    k - +0 cloak
rCorr   .                        n - +0 pair of gloves
Will    +....                    p - +0 pair of boots Stlth
                                 q - amulet of magic regeneration
HPRegen 0.33/turn                h - +6 ring of strength
MPRegen 0.51/turn                I - ring of willpower

@: mighty
A: horns 2, retaliatory headbutt
a: Renounce Religion, Upheaval


You were on level 7 of the Dungeon.
You worshipped Qazlal.
Qazlal was pleased with you.
You visited 2 branches of the dungeon, and saw 8 of its levels.

You collected 292 gold pieces.

Inventory:

Hand Weapons
 a - a +0 war axe (weapon)
 A - a +4 battleaxe
 B - a +2 morningstar of protection
Missiles
 m - 7 poisoned darts (quivered)
 C - 6 boomerangs
 H - a throwing net
Armour
 c - a +0 buckler (worn)
 k - a +0 cloak (worn)
 n - a +0 pair of gloves (worn)
 p - a +0 pair of boots (worn)
 r - a +1 hat (worn)
 t - a +0 plate armour (worn)
Jewellery
 h - a +6 ring of strength (left hand)
 q - an amulet of magic regeneration (around neck)
 D - a +6 ring of intelligence
 E - a ring of poison resistance
 I - a ring of willpower (right hand)
Scrolls
 e - 4 scrolls of immolation
 g - a scroll of fear {unknown}
 j - a scroll of magic mapping
 o - a scroll of teleportation
 s - a scroll of blinking
 v - a scroll of fog {unknown}
 x - a scroll of brand weapon {unknown}
 y - a scroll of poison {unknown}
 z - a scroll of silence {unknown}
 G - a scroll of noise {unknown}
Potions
 f - 5 potions of curing {unknown}
 i - 2 potions of attraction
 l - 2 potions of brilliance
 u - a potion of mutation {unknown}
 w - 2 potions of cancellation
 F - a potion of invisibility {unknown}


   Skills:
 + Level 7.8 Fighting
 * Level 10.2 Axes
 + Level 7.8 Armour
 + Level 6.2 Dodging
 + Level 7.8 Shields


You had 8 spell levels left.
You didn't know any spells.
Your spell library contained the following spells:

 Spells                   Type           Power      Damage    Failure   Level
 Slow                     Hex            0%         N/A       99%         1
 Static Discharge         Conj/Air       0%         2-2/arc   100%        2
 Confusing Touch          Hex            0%         N/A       100%        3
 Portal Projectile        Hex/Tloc       0%         N/A       100%        3
 Tukima's Dance           Hex            0%         N/A       100%        3
 Vampiric Draining        Necr           0%         2d6       100%        3
 Vhi's Electric Charge    Tloc/Air       0%         N/A       100%        3
 Arcjolt                  Conj/Air       0%         1d10      100%        5
 Blade Hands              Tmut           0%         N/A       100%        5
 Lightning Bolt           Conj/Air       0%         1d11      100%        5


Dungeon Overview and Level Annotations

Branches:
Dungeon (7/15)             Temple (1/1) D:5

Altars:
Ashenzari
Cheibriados
Dithmenos
Elyvilon
Fedhas
Gozag
Kikubaaqudgha
Makhleb
Nemelex Xobeh
Okawaru
Qazlal
Ru
Sif Muna
Trog
Uskayaw
Vehumet
Wu Jian
Xom
Yredelemnul
The Shining One

Annotations:
D:6 1 runed translucent door, Newt's ghost, novice DsGl
D:7 3 runed translucent doors, baller8008's ghost, novice MiFi


Innate Abilities, Weirdness & Mutations

You have a pair of horns on your head.
You reflexively headbutt those who attack you in melee.


Message History

Two slime creatures merge to form a large slime creature.
A large slime creature splits.
You slash the slime creature!
You kill the slime creature!
Qazlal accepts your kill.
You slash the slime creature!
You kill the slime creature!
Qazlal accepts your kill.
Your Axes skill increases to level 10!
You slice the large slime creature!!
The large slime creature is lightly wounded.
You block the large slime creature's attack.
Two slime creatures merge to form a very large slime creature.
You hit the very large slime creature.
The very large slime creature is lightly wounded.
You slash the very large slime creature!
The very large slime creature is moderately wounded.
The very large slime creature barely misses you.
You furiously retaliate!
You headbutt the very large slime creature!!
You slice the very large slime creature!!
You headbutt the very large slime creature!
The very large slime creature is heavily wounded.
The very large slime creature hits you!!
You slash the very large slime creature!
You headbutt the very large slime creature!!
The very large slime creature is severely wounded.
The very large slime creature misses you.
You furiously retaliate!
You headbutt the very large slime creature!
You slash the very large slime creature!
The very large slime creature is almost dead.
The very large slime creature hits you!!!
Ouch! That really hurt!
* * * LOW HITPOINT WARNING * * *
You slash the very large slime creature!
The very large slime creature is almost dead.
The very large slime creature hits you!!!
Ouch! That really hurt!
You die...

..#.....#...........J...#,......#
..#.....#.....#########.#..###.##
..#.....###'###.#(# #J#..#,....
..#.....# #.# #.#.# #....#.#.##
..#.....###.###.#.#####....#.#...
###.....#....,..#.J..............
####..###*#..##.#<##.##.#........
))....# #.....##(..##.#.#....#.
##).#,* #...#.@J........#....#.
.#,,*,****###.#.##.####.####...#.
.#,,,,,,,,,,..#.#..# #..........
.#***,,.#######...## #.##.#'#.##
##,⌠*,,.........### #.##.#.#...
.,,,,,,.....###.# #.##.#.#...
.,,****..##.....# #.#..#.#..#
..,*,,,#,*###.>## #...##.##.#
...',,,..#####'##########.#...#..


You could see a very large slime creature.

Vanquished Creatures
  A komodo dragon (D:7)
  2 slime creatures (D:7)
  Eustachio (D:4)
  A water moccasin (D:7)
  A black bear (D:6)
  2 ice beasts
  An ogre (D:5)
  A phantom (D:5)
  A centaur (D:5)
  Blork the orc (D:5)
  A bullfrog (D:7)
  2 scorpions (D:5)
  6 wights
  5 killer bees (D:7)
  A howler monkey (D:4)
  4 hounds
  6 orc priests
  4 jellies
  2 gnoll boudas
  Jessica (D:3)
  A sleepcap (D:7)
  6 orc wizards
  8 iguanas
  10 gnolls
  11 adders
  6 river rats (D:4)
  4 white imps
  2 ufetubi
  8 worms
  A dart slug (D:1)
  44 orcs
  6 endoplasms
  5 giant cockroaches
  7 hobgoblins
  12 jackals
  2 kobolds
  A quokka (D:2)
  6 ball pythons
  4 bats
  7 frilled lizards
  4 goblins
  7 rats
206 creatures vanquished.

Vanquished Creatures (collateral kills)
  A slime creature (D:7)
1 creature vanquished.

Vanquished Creatures (others)
  3 fungi (D:7)
  7 plants (D:7)
10 creatures vanquished.

Grand Total: 217 creatures vanquished

Notes
Turn   | Place    | Note
-------+----------+-------------------------------------------
     0 | D:1      | cheesebisquit the Minotaur Fighter began the quest for the
                  | Orb.
     0 | D:1      | Reached XP level 1. HP: 19/19 MP: 0/0
   134 | D:1      | Reached XP level 2. HP: 27/27 MP: 1/1
   276 | D:1      | Reached skill level 3 in Axes
   544 | D:2      | Reached XP level 3. HP: 29/33 MP: 2/2
   591 | D:2      | Found a broken altar of Ashenzari.
   597 | D:2      | Reached skill level 1 in Dodging
   833 | D:2      | Reached XP level 4. HP: 31/40 MP: 3/3
  1403 | D:3      | Noticed Jessica
  1414 | D:3      | Killed Jessica
  1415 | D:3      | Reached skill level 4 in Axes
  1623 | D:3      | Found a shadowy altar of Dithmenos.
  1736 | D:3      | Found a hide-covered altar of Uskayaw.
  1985 | D:3      | Found a faded altar of an unknown god.
  2310 | D:3      | Reached XP level 5. HP: 45/46 MP: 4/4
  2776 | D:4      | Reached XP level 6. HP: 48/53 MP: 5/5
  2785 | D:4      | Reached skill level 5 in Axes
  3086 | D:4      | Noticed Eustachio
  3101 | D:4      | Killed Eustachio
  3102 | D:4      | Reached skill level 5 in Fighting
  3102 | D:4      | Reached skill level 5 in Armour
  3102 | D:4      | Reached skill level 5 in Shields
  3175 | D:4      | Reached XP level 7. HP: 59/61 MP: 6/6
  3387 | D:4      | Reached skill level 6 in Axes
  3512 | D:5      | Entered Level 5 of the Dungeon
  3848 | D:5      | Found a staircase to the Ecumenical Temple.
  3850 | D:5      | Noticed Blork the orc
  3857 | D:5      | Killed Blork the orc
  3858 | D:5      | Reached skill level 7 in Axes
  3858 | D:5      | Reached XP level 8. HP: 70/70 MP: 7/7
  3864 | Temple   | Entered the Ecumenical Temple
  3873 | Temple   | Became a worshipper of Qazlal Stormbringer
  4423 | D:5      | Found a shimmering blue altar of Sif Muna.
  4663 | D:6      | Reached skill level 8 in Axes
  4874 | D:6      | Reached * piety under Qazlal
  5045 | D:5      | Reached skill level 5 in Dodging
  5076 | D:5      | Reached XP level 9. HP: 19/74 MP: 8/8
  5743 | D:6      | Found a runed translucent door.
  5743 | D:6      | Noticed Newt's ghost (novice DsGl)
  6045 | D:7      | Reached skill level 9 in Axes
  6482 | D:7      | Found an opulent altar of Gozag.
  6672 | D:7      | Found a broken altar of Ashenzari.
  6764 | D:7      | Found a runed translucent gate.
  6764 | D:7      | Found a runed translucent gate.
  6768 | D:7      | Found a runed translucent gate.
  6773 | D:7      | Noticed baller8008's ghost (novice MiFi)
  7067 | D:7      | Noticed a komodo dragon
  7087 | D:7      | Killed a komodo dragon
  7095 | D:7      | Reached ** piety under Qazlal
  7686 | D:7      | Found a runed translucent gate.
  7686 | D:7      | Found a runed translucent gate.
  7689 | D:7      | Found a runed translucent gate.
  7782 | D:7      | Found a broken altar of Ashenzari.
  8108 | D:7      | Found an opulent altar of Gozag.
  8317 | D:7      | Reached skill level 10 in Axes
  8324 | D:7      | Annihilated by a very large slime creature

Illustrated notes

Levels and vault maps discovered:
D:1:      evilmike_arrival_hilbert_curve, layout_rooms
D:2:      layout_rooms, basic_altar, grunt_ministairs_6
D:3:      layout_basic, nicolae_dithmenos_shadow_blocks,
          nicolae_uskayaw_dance_hall, basic_ecumenical_altar, uniq_jessica
D:4:      layout_cave_pods, lightli_sewer_entry_pipes, uniq_eustachio
D:5:      cheibrodos_quashed, layout_loops_ring, lemuel_blue_sif_altar,
          minmay_temple_entry_stoned_glass, kennysheep_small_circle,
          uniq_blork_the_orc
D:6:      layout_cave_pools, gammafunk_ghost_grave
D:7:      layout_basic, mainiacjoe_overflow_surrounded_room,
          evilmike_ruin_ashenzari, gammafunk_ghost_nasty_kobolds, minivault_22,
          minmay_lizard_king
Temple:   hellmonk_temple_of_storms

Skill      XL: |  1  2  3  4  5  6  7  8  9 |
---------------+----------------------------+-----
Axes           | 3 4 5 7 8 10 | 10.2
Fighting       | 4 5 6 7 |  7.8
Dodging        | 1 2 3 5 6 |  6.2
Armour         | 4 5 6 7 |  7.8
Shields        | 4 5 6 7 |  7.8

Action                     |  1- 3 |  4- 6 |  7- 9 || total
---------------------------+-------+-------+-------++-------
  Melee: War axe           |    65 |   139 |   340 ||   544
         Headbutt          |    10 |    21 |    51 ||    82
  Throw: Dart              |       |     7 |    21 ||    28
         Boomerang         |       |       |     1 ||     1
    Use: Scroll            |       |     3 |     6 ||     9
         Potion            |       |       |     4 ||     4
 Armour: Scale mail        |    32 |    12 |       ||    44
         Plate armour      |       |    72 |   188 ||   260
  Dodge: Dodged            |    35 |    52 |   120 ||   207
  Block: Buckler           |    18 |    39 |   105 ||   162

Table legend: (Time is in decaauts)
 A = Elapsed time spent in this place.
 B = Non-inter-level travel time spent in this place.
 C = Inter-level travel time spent in this place.
 D = Time resting spent in this place.
 E = Time spent auto-exploring this place.
 F = Levels seen in this place.
 G = Mean time per level.
                   A        B        C        D        E       F      G
               +--------+--------+--------+--------+--------+-----+--------+
         Total |   8483 |   7646 |    837 |   1071 |   4919 |   8 | 1060.4 |
       Dungeon |   8438 |   7610 |    828 |   1071 |   4901 |   7 | 1205.4 |
        Temple |     45 |     36 |      9 |      0 |     18 |   1 |   45.0 |
               +--------+--------+--------+--------+--------+-----+--------+

Top non-repeatable levels by time:
     D:7: 1863 daAuts
     D:5: 1453 daAuts
     D:6: 1432 daAuts
     D:4: 1304 daAuts
     D:3: 892 daAuts
     D:2: 747 daAuts
     D:1: 743 daAuts
  Temple: 45 daAuts
